 Dungeon Crawl Stone Soup version 0.27.1-34-g3ba077fa99 (webtiles) character file.

Game seed: 16099120970342093818

1208 zeram the Cudgeller (level 8, -5/67 HPs)
             Began as a Troll Summoner on Jan 9, 2022.
             Slain by a bullfrog (8 damage)
             ... on level 7 of the Dungeon.
             The game lasted 00:16:45 (6856 turns).

zeram the Cudgeller (Troll Summoner)                Turns: 6856, Time: 00:16:46

Health: -5/67      AC:  4    Str: 17    XL:     8   Next: 21%
Magic:  6/11       EV: 10    Int: 13    God:
Gold:   335        SH:  0    Dex: 10    Spells: 4/12 levels left

rFire    . . .     SeeInvis .   p - +0 giant club
rCold    . . .     Faith    .   (shield currently unavailable)
rNeg     . . .     Spirit   .   a - +0 robe
rPois    .         Reflect  .   (helmet restricted)
rElec    .         Harm     .   k - scarf {shadows}
rCorr    .         Rampage  .   (gloves unavailable)
Will     .....                  (boots unavailable)
Stlth    +.........             (no amulet)
HPRegen  1.21/turn              (no ring)
MPRegen  0.12/turn              (no ring)

@: no status effects
A: large, unfitting armour, claws 3, regeneration 1, shaggy fur 1, tough skin 1
a: no special abilities


You were on level 7 of the Dungeon.
You visited 1 branch of the dungeon, and saw 7 of its levels.

You collected 335 gold pieces.

Inventory:

Hand Weapons
 c - a +0 club
 p - a +0 giant club (weapon)
Missiles
 e - 53 poisoned darts (quivered)
Armour
 a - a +0 robe (worn)
 k - a scarf of shadows (worn)
Jewellery
 l - a +6 ring of strength
 m - a +4 ring of slaying
 o - a ring of protection from cold
Wands
 d - a wand of flame (8)
 q - a wand of mindburst (10)
 r - a wand of digging (3)
Scrolls
 g - a scroll of magic mapping
 h - 5 scrolls of teleportation
 j - 2 scrolls of amnesia
 t - a scroll of enchant armour {unknown}
Potions
 b - 2 potions of curing
 f - a potion of magic
 i - a potion of resistance
 n - a potion of brilliance
 s - 2 potions of heal wounds


   Skills:
 + Level 5.0 Maces & Flails
 + Level 4.3 Dodging
 - Level 1.0 Stealth
 + Level 2.6 Spellcasting
 * Level 4.8 Summonings


You had 4 spell levels left.
You knew the following spells:

 Your Spells              Type           Power      Damage    Failure   Level
a - Frozen Ramparts       Ice            2%         1d2       56%         3
b - Call Imp              Summ           14%        N/A       4%          2
c - Call Canine Familiar  Summ           14%        N/A       10%         3

Your spell library contained the following spells:

 Spells                   Type           Power      Damage    Failure   Level
 Summon Small Mammal      Summ           56%        N/A       3%          1
 Freeze                   Ice            4%         1d3       24%         1
 Sting                    Tmut/Pois      4%         1d3       24%         1
 Summon Guardian Golem    Hex/Summ       8%         N/A       26%         3
 Poisonous Vapours        Pois/Air       2%         N/A       34%         2
 Sublimation of Blood     Necr           0%         N/A       34%         2
 Wereblood                Tmut           1%         N/A       34%         2
 Gell's Gravitas          Tloc           0%         N/A       56%         3
 Ignite Poison            Fire/Tmut/Pois 1%         N/A       56%         3
 Mephitic Cloud           Conj/Pois/Air  1%         N/A       56%         3
 Teleport Other           Tloc           1%         N/A       56%         3
 Summon Lightning Spire   Summ/Air       8%         N/A       65%         4
 Hailstorm                Conj/Ice       1%         3d3       93%         4
 Olgreb's Toxic Radiance  Pois           1%         N/A       93%         4
 Bolt of Magma            Conj/Fire/Erth 0%         4d4       100%        5
 Dispersal                Tloc           0%         N/A       100%        6
 Summon Hydra             Summ           7%         N/A       100%        7


Dungeon Overview and Level Annotations

Branches:
Dungeon (7/15)             Temple (0/1) D:6

Altars:
Fedhas
Sif Muna
Zin

Shops:
D:6 :


Innate Abilities, Weirdness & Mutations

You are too large for most types of armour.
You have claws for hands.
Your natural rate of healing is unusually fast.
You are covered in fur. (AC +1)
You have tough skin. (AC +1)


Message History

The puff of frost hits the orc warrior.
The orc warrior hits your white imp with a +0 broad axe!
The orc warrior hits you with a +0 broad axe!
The bullfrog hits you. The orc misses you.
You catch the helpless orc warrior completely off-guard!
You hit the orc warrior but do no damage.
The orc warrior is lightly wounded.
The bullfrog closely misses you.
Your shadow imp hits the orc.
Your white imp gestures at the orc.
The puff of frost hits the orc warrior.
The orc barely misses you.
The orc warrior closely misses your white imp.
The orc warrior hits you with a +0 broad axe!
Your crimson imp blinks!
The orc closely misses you.
The bullfrog hits you but does no damage.
You sock the orc!
You kill the orc!
The bullfrog hits you but does no damage.
Your white imp misses the bullfrog.
The orc warrior closely misses you.
The orc warrior barely misses your white imp.
The orc warrior hits your shadow imp with a +0 broad axe!
The orc hits you from afar with a +0 vorpal trident.
Your shadow imp hits the orc warrior.
The bullfrog closely misses you.
You completely miss the bullfrog.
Your white imp barely misses the bullfrog.
The orc warrior hits you with a +0 broad axe!
* * * LOW HITPOINT WARNING * * *
The orc warrior barely misses your white imp.
The orc warrior closely misses your shadow imp.
The orc hits you but does no damage. The bullfrog hits you.
* * * LOW HITPOINT WARNING * * *
Your shadow imp barely misses the orc warrior.
The orc warrior hits you with a +0 broad axe!
* * * LOW HITPOINT WARNING * * *
The orc warrior closely misses your shadow imp.
The orc warrior hits your white imp with a +0 broad axe.
Your white imp dies!
Your white imp disappears in a puff of smoke!
The orc closely misses you. The bullfrog hits you!
You die...

#.# #.########
#.#......# ######
#.#......# ......
#.#......###### ......
............... ......
#.#......##### o.....
#.#......# ###5.....
#.#......# #.@o.....
.........######.§F.....
########...............
.## ####...............
..###..................
...#..##......5######+#
...............#
###.####.......#
#.....##.......#


You could see an orc warrior (ally target), a bullfrog (ally target), an orc, a
friendly crimson imp (summoned) and a friendly shadow imp (summoned).

Vanquished Creatures
  Grinder (D:4)
  An orc warrior (D:7)
  A phantom (D:4)
  A kobold brigand (D:7)
  2 bullfrogs (D:7)
  A bullfrog zombie (D:5)
  A centaur zombie (D:7)
  A hound (D:6)
  A centaur skeleton (D:6)
  3 bullfrog skeletons
  An orc priest (D:7)
  Ijyb (D:2)
  A scorpion zombie (D:5)
  A howler monkey skeleton (D:6)
  6 adders
  A shadow imp (D:5)
  A white imp (D:7)
  3 worms (D:3)
  2 dart slugs (D:2)
  12 orcs
  3 ball pythons
  6 endoplasms
  3 giant cockroaches
  10 goblins
  3 hobgoblins
  7 kobolds
  2 bats
  4 frilled lizards
  4 rats
84 creatures vanquished.

Vanquished Creatures (collateral kills)
  An ogre (D:5)
  A centaur (D:6)
  A howler monkey (D:6)
  4 iguanas
  An orc wizard (D:7)
  2 howler monkey zombies (D:6)
  2 adders (D:5)
  A dart slug (D:3)
  4 orcs
  A bat (D:3)
  An endoplasm (D:2)
  A frilled lizard (D:3)
20 creatures vanquished.

Vanquished Creatures (others)
  3 plants (D:2)
3 creatures vanquished.

Grand Total: 107 creatures vanquished

Notes
Turn   | Place    | Note
-------+----------+-------------------------------------------
     0 | D:1      | zeram the Troll Summoner began the quest for the Orb.
     0 | D:1      | Reached XP level 1. HP: 16/16 MP: 1/1
   280 | D:1      | Reached XP level 2. HP: 21/24 MP: 2/2
   293 | D:1      | Found a faded altar of an unknown god.
  1118 | D:2      | Reached XP level 3. HP: 14/31 MP: 2/4
  1307 | D:2      | Reached skill level 1 in Maces & Flails
  1795 | D:2      | Learned a level 2 spell: Call Imp
  1842 | D:3      | Noticed Ijyb
  1875 | D:2      | Killed Ijyb
  1876 | D:2      | Reached XP level 4. HP: 35/39 MP: 0/5
  2432 | D:3      | Reached skill level 2 in Maces & Flails
  2723 | D:4      | Noticed a phantom
  2770 | D:4      | Killed a phantom
  2771 | D:4      | Reached XP level 5. HP: 24/45 MP: 6/6
  3689 | D:4      | Learned a level 3 spell: Call Canine Familiar
  3736 | D:5      | Entered Level 5 of the Dungeon
  3865 | D:5      | Noticed Grinder
  3875 | D:4      | Paralysed by Grinder for 2 turns
  3879 | D:4      | Paralysed by Grinder for 2 turns
  3883 | D:4      | Killed Grinder
  3884 | D:4      | Reached skill level 3 in Maces & Flails
  3884 | D:4      | Reached XP level 6. HP: 12/53 MP: 4/7
  3888 | D:4      | Learned a level 3 spell: Frozen Ramparts
  4375 | D:5      | Found a glowing silver altar of Zin.
  4708 | D:5      | Reached XP level 7. HP: 46/59 MP: 9/9
  5249 | D:6      | Reached skill level 4 in Maces & Flails
  5468 | D:6      | Found a blossoming altar of Fedhas.
  5700 | D:6      | Found Cicum's Book Emporium.
  6019 | D:6      | Found a staircase to the Ecumenical Temple.
  6511 | D:7      | Found a shimmering blue altar of Sif Muna.
  6515 | D:7      | Reached XP level 8. HP: 62/67 MP: 4/10
  6807 | D:7      | Reached skill level 5 in Maces & Flails
  6856 | D:7      | HP: 3/67 [orc warrior (11)]
  6856 | D:7      | Slain by a bullfrog

Illustrated notes

Levels and vault maps discovered:
D:1:      dpeg_arrival_circle_labyrinth_b, layout_loops_ring, serial_forest,
          infiniplex_forest_corner_2, infiniplex_forest_end_2,
          infiniplex_forest_straight_1, infiniplex_forest_clump_tiny,
          infiniplex_forest_pool, infiniplex_forest_fountain,
          infiniplex_forest_clump_small, infiniplex_forest_corner_1,
          infiniplex_forest_corner_1, hellmonk_ecumenical_altar_heavens_door
D:2:      layout_basic, serial_forest, infiniplex_forest_end_3,
          infiniplex_forest_join, infiniplex_forest_lined_2,
          infiniplex_forest_zigzag_1, infiniplex_forest_end_3,
          infiniplex_forest_clump_double, infiniplex_forest_clump_double
D:3:      cheibrodos_helix_gallery, layout_rooms, uniq_ijyb
D:4:      layout_basic
D:5:      layout_loops_ring, lemuel_doored_altar, serial_park_tiny_pond,
          uniq_grinder
D:6:      layout_cave_pods, old_standard_altar,
          minmay_temple_entry_from_below_a, serial_shops, shop_statue,
          minmay_fractal_squares_5
D:7:      layout_basic, old_standard_altar

Skill      XL: |  1  2  3  4  5  6  7  8 |
---------------+-------------------------+-----
Summonings     | 3 4 |  4.8
Maces & Flails | 1 2 3 4 5 |  5.0
Dodging        | 2 3 4 |  4.3
Spellcasting   | 2 |  2.6
Stealth        | |  1.0

Action                   |  1- 3 |  4- 6 |  7- 9 || total
-------------------------+-------+-------+-------++-------
Melee: Club              |   124 |   415 |    59 ||   598
       Unarmed           |    10 |       |       ||    10
       Giant club        |       |       |    95 ||    95
 Cast: Call Imp          |     2 |    24 |    28 ||    54
       Summon Small Mamm |     2 |       |       ||     2
Evoke: Wand              |       |       |     1 ||     1
  Use: Scroll            |     3 |     4 |     3 ||    10
       Potion            |     2 |     2 |       ||     4
 Stab: Sleeping          |     2 |       |       ||     2
       Distracted        |     1 |     1 |     1 ||     3
Armor: Robe              |    48 |   100 |    84 ||   232
Dodge: Dodged            |    73 |   237 |   134 ||   444
